 Dungeon Crawl Stone Soup version 0.17-a0-2231-gd80ca38 (webtiles) character file.

44 Maka the Insei (level 3, -3/28 HPs)
             Began as a Draconian Transmuter on Oct 29, 2015.
             Slain by a worm (8 damage)
             ... on level 2 of the Dungeon.
             The game lasted 00:04:06 (1628 turns).

Maka the Insei (Draconian Transmuter)               Turns: 1628, Time: 00:04:06

Health: -3/28      AC:  6    Str: 12    XL:     3   Next: 39%
Magic:  5/6        EV: 12    Int: 13    God:
Gold:   58         SH:  0    Dex: 12    Spells: 3 memorised, 0 levels left

rFire  . . .     SeeInvis .       - Unarmed
rCold  . . .     Clarity  .     (armour unavailable)
rNeg   . . .     SustAt   .     (no shield)
rPois  .         Gourm    .     (helmet restricted)
rElec  .         Spirit   .     e - +0 cloak (curse)
rCorr  .         Warding  .     (no gloves)
rMut   .         Stasis   .     (boots currently unavailable)
MR     .....                    (no amulet)
Stlth  +.........               (no ring)
                                (no ring)

@: appendage (expiring), not resistant to hostile enchantments, very unstealthy
A: unfitting armour, talons 3, cold-blooded, AC +5
a: End Transformation


You were on level 2 of the Dungeon.
You were hungry.
You had grown temporary talons.
You visited 1 branch of the dungeon, and saw 2 of its levels.

You collected 58 gold pieces.

Inventory:

Missiles
 a - 12 arrows
 k - 7 curare-tipped needles
Armour
 e - a cursed +0 cloak (worn)
Wands
 m - a wand of flame (24)
 o - a wand of frost (18)
Scrolls
 f - a scroll of blinking {unknown}
 g - a scroll of identify {unknown}
 i - a scroll of immolation {unknown}
 n - a scroll of teleportation {unknown}
 r - a scroll of noise {unknown}
Potions
 h - a potion of flight {unknown}
 l - a potion of invisibility {unknown}
Books
 b - a book of Changes

   Spells                             Type                      Level
   a - Beastly Appendage              Transmutation                1
   b - Sticks to Snakes               Transmutation                2
   c - Spider Form                    Transmutation/Poison         3
   d - Ice Form                       Ice/Transmutation            4
   e - Blade Hands                    Transmutation                5
 q - a book of Envenomations

   Spells                             Type                      Level
   a - Spider Form                    Transmutation/Poison         3
   b - Alistair's Intoxication        Transmutation/Poison         4
   c - Olgreb's Toxic Radiance        Poison                       4
   d - Poisonous Cloud                Conjuration/Poison/Air       6
Comestibles
 c - 2 bread rations
 d - a slice of pizza
 j - 2 meat rations


   Skills:
 + Level 1.2 Fighting
 + Level 2.5 Dodging
 + Level 3.6 Unarmed Combat
 + Level 2.2 Spellcasting
 + Level 2.1 Transmutations


You couldn't memorise any spells.
You knew the following spells:

 Your Spells              Type           Power        Failure   Level  Hunger
a - Beastly Appendage     Trmt           #.....       12%         1    ##.....
b - Sticks to Snakes      Trmt           #.........   17%         2    ###....
c - Spider Form           Trmt/Pois      #.........   52%         3    ####...


Dungeon Overview and Level Annotations

Branches:
Dungeon (2/15)

Altars:
Elyvilon

Annotations:
D:1 Ijyb


Innate Abilities, Weirdness & Mutations

Your plain brown scales are hard (AC +5).
Your body does not fit into most forms of armour.
You are cold-blooded and may be slowed by cold attacks.
You have claws for feet.


Message History

The worm bites you!
You hit the worm.
The worm is heavily wounded.
You barely miss the worm.
The worm is heavily wounded.
The worm bites you.
* * * LOW HITPOINT WARNING * * *
You hit the worm but do no damage.
The worm is heavily wounded.
You see here a helmet.
Casting: Beastly Appendage
Confirm with . or Enter, or press ? or * to list all spells.
You extend your transformation's duration.
You barely miss the worm. You claw the worm.
The worm is heavily wounded.
Your transformation is almost over.
You hit the worm. You claw the worm, but do no damage.
The worm is heavily wounded.
The worm bites you!
You die...

#.........# ### ........
#.#.#.#.#.# ..##.##.....
#.#.#.#.#.# #.##. #.#...
#.#.....#.# #.# #.##
#.###..##.# ... .# #.#
##.##.# #.# ##. #.# #.##.#
#.# ..
#.####.##.#########.###.#
#............@w.......#.###.#
######....#######[###.).....#
###### #.# #...#####
#.###.######## #.....# #....
####### #.### #.# #.# #.###


You could see a worm.

Vanquished Creatures
  An adder (D:2)
  A worm (D:2)
  2 giant geckos (D:1)
  A ball python (D:2)
  2 giant cockroaches (D:1)
  2 hobgoblins
  2 jackals (D:2)
  3 kobolds
  A quokka (D:2)
  2 bats (D:1)
  8 goblins
  2 rats
27 creatures vanquished.

Notes
Turn   | Place    | Note
--------------------------------------------------------------
     0 | D:1      | Maka the Draconian Transmuter began the quest for the Orb.
     0 | D:1      | Reached XP level 1. HP: 16/16 MP: 3/3
   130 | D:1      | Reached XP level 2. HP: 18/23 MP: 5/5
   945 | D:2      | Found a white marble altar of Elyvilon.
   971 | D:2      | Noticed Ijyb
  1005 | D:1      | Reached XP level 3. HP: 6/28 MP: 4/6
  1360 | D:2      | Learned a level 2 spell: Sticks to Snakes
  1364 | D:2      | Learned a level 3 spell: Spider Form
  1628 | D:2      | Slain by a worm

Vault maps used:
D:1:      nicolae_arrival_washed_ashore, hangedman_decor_growths
D:2:      kennysheep_the_goblin_king, lemuel_crystal_altar, nemelex_deck

Action                   || total
-------------------------++-------
Melee: Unarmed           ||   138
 Cast: Beastly Appendage ||     8
  Eat: Chunk             ||     2
